 Dungeon Sprint DCSS version 0.24.1-14-gf8d2b509d9 (webtiles) character file.

Game seed: 16999757936377297728, levelgen mode: deterministic

62543 Baz the End of an Era (level 21, -7/204 HPs)
             Began as a Hill Orc Fighter on Oct 3, 2020.
             Was the Champion of Qazlal.
             Killed from afar by an ancient lich (26 damage)
             ... with a bolt of negative energy
             ... in the Dungeon (Sprint VI: "Thunderdome").
             The game lasted 00:33:55 (3575 turns).

Baz the End of an Era (Hill Orc Fighter)            Turns: 3575, Time: 00:33:55

Health: -7/204     AC: 46    Str: 34    XL:     21   Next: 4%
Magic:  11/38      EV:  9    Int:  8    God:    Qazlal [******]
Gold:   3440       SH: 31    Dex: 20    Spells: 20/20 levels left

rFire    + + .     SeeInvis +   v - +8 broad axe (flame)
rCold    + + +     Gourm    .   s - +6 shield of the Pink Corner {rF- MR+++ SInv Stlth+}
rNeg     + . .     Faith    .   x - +12 gold dragon scales
rPois    +         Spirit   .   (no helmet)
rElec    +         Reflect  .   c - +0 cloak of the Guild-Master {Dex+4}
rCorr    .         Harm     .   t - +1 pair of gloves "Qorphaewi" {Dex+4}
MR       ++++.     Rnd*Rage +   w - +1 pair of boots of the Unbroken {Stlth+} Stlth ..........NoTele +
                                (no amulet)
HPRegen  0.44/turn              p - ring "Boif" {*Contam +Blink rElec rPois rN+ Str+4}
MPRegen  0.26/turn              q - ring "Geiquroh" {rF++ rC++ Str+3}

@: protected from physical damage, berserk cooldown, studying Evocations,
drained, repel missiles
A: berserk 1, deterioration 1
}: 4/15 runes: serpentine, silver, gossamer, mossy
a: Upheaval, Elemental Force, Disaster Area, Renounce Religion, Evoke Blink


You were in the Dungeon.
You worshipped Qazlal.
Qazlal was exalted by your worship.
You were not hungry.

You visited 1 branch You collected 12750 gold pieces.
You spent 9310 gold pieces at shops.

Inventory:

Hand Weapons
 a - a +0 war axe
 v - a +8 broad axe of flaming (weapon)
Armour
 b - a +0 scale mail
 c - the +0 cloak of the Guild-Master (worn) {Dex+4}
   (You bought it in a shop in the Dungeon)

   It affects your dexterity (+4).
 s - the +6 shield of the Pink Corner (worn) {rF- MR+++ SInv Stlth+}
   (You bought it in a shop in the Dungeon)

   It makes you vulnerable to fire.
   It affects your resistance to hostile enchantments.
   It lets you see invisible.
   It makes you more stealthy.
 t - the +1 pair of gloves "Qorphaewi" (worn) {Dex+4}
   (You bought it in a shop in the Dungeon)

   It affects your dexterity (+4).
 w - the +1 pair of boots of the Unbroken (worn) {Stlth+}
   (You bought it in a shop in the Dungeon)

   It makes you more stealthy.
 x - +12 gold dragon scales (worn)
 A - the +2 large shield of Omick {rN+}
   (You bought it in a shop in the Dungeon)

   It protects you from negative energy.
 B - the +1 pair of gloves of Surprise {Dex+4}
   (You bought it in a shop in the Dungeon)

   It affects your dexterity (+4).
Magical Staves
 y - an uncursed staff of poison {unknown}
Jewellery
 p - the ring "Boif" (left hand) {*Contam +Blink rElec rPois rN+ Str+4}
   (You bought it in a shop in the Dungeon)

   [ring of positive energy]

   It affects your strength (+4).
   It insulates you from electricity.
   It protects you from poison.
   It protects you from negative energy.
   It lets you blink.
   It causes magical contamination when unequipped.
 q - the ring "Geiquroh" (right hand) {rF++ rC++ Str+3}
   (You bought it in a shop in the Dungeon)

   [ring of strength]

   It affects your strength (+3).
   It greatly protects you from fire.
   It greatly protects you from cold.
Wands
 l - a wand of acid (4)
 m - a wand of iceblast (5)
Scrolls
 k - 3 scrolls of blinking
 n - 3 scrolls of fog
 r - 2 scrolls of identify
Potions
 d - a potion of might
 e - a potion of curing
 f - 5 potions of berserk rage
 g - 5 potions of heal wounds
 h - 7 potions of haste
 i - 13 potions of magic
 o - 2 potions of resistance
Books
 D - a manual of Evocations
Miscellaneous
 u - a lamp of fire
 z - a quad damage
Comestibles
 j - a ration


   Skills:
 + Level 21.1(19.7) Fighting
 - Level 17.4(16.1) Axes
 * Level 22.8(21.3) Armour
 - Level 3.3(2.4) Dodging
 + Level 20.1(18.7) Shields
 O Level 27(25.4) Invocations
 + Level 12.0(10.8) Evocations


You had 20 spell levels left.
You didn't know any spells.
Your spell library was empty.

Dungeon Overview and Level Annotations

Branches:
Dungeon (1/1)

Altars:
Cheibriados
Dithmenos
Fedhas
Gozag
Kikubaaqudgha
Makhleb
Okawaru
Qazlal
Ru
Sif Muna
Trog
Uskayaw
Vehumet
Wu Jian
Xom
Yredelemnul
Zin
The Shining One
Beogh
Jiyva
Lugonu

Shops:
D *[%??*?*:[((!!!!


Innate Abilities, Weirdness & Mutations

You tend to lose your temper in combat.
Your body sometimes deteriorates upon taking damage.


Message History

Your air elemental hits the shadow dragon.
The shadow dragon bites your air elemental!
The shadow dragon barely misses your air elemental.
The shadow dragon misses your air elemental.
Your water elemental barely misses the shadow dragon.
Unknown command.
Unknown command.
Your air elemental hits the shadow dragon.
The ancient lich touches your water elemental.
Your fire elemental completely misses the ancient lich.
Your air elemental hits the shadow dragon.
The reaper draws a finger across its throat.
The reaper hits you but does no damage. The ancient lich casts a spell at you.
The bolt of negative energy hits your water elemental.
Your water elemental completely resists.
The bolt of negative energy hits your air elemental.
Your air elemental completely resists.
The bolt of negative energy hits you!! You partially resist.
You feel drained.
You die...

#_.(((..._#
###(...((((.#
#⌠.....(((((.
######(8).....)[.8
##WW_.....[.###(.)(
###∩..)[.(.)8.# #.8).
##....○..)([..(###..(.
#⌠.☼[.§..()(###[..###.
#⌠...@E(..(.# #.<.# #(
#⌠.○○.E2..(.###...###.
##..☼.ED.((....###....
###∩.[LE)...8.# #(8((
##∩___☼)....###.((.
######°8.........8
#°......(.(..
###)...((...#
#_..)...._#


You could see a shadow dragon, an ancient lich, a reaper, a freezing wraith, a
wraith, a friendly earth elemental, a friendly water elemental, a friendly fire
elemental and a friendly air elemental.

Vanquished Creatures
  An ancient lich (D)
  Agnes (D)
  Nikola (D)
  A lich (D)
  2 titans (D)
  A shadow dragon (D)
  2 frost giants (D)
  2 fire giants (D)
  An iron dragon (D)
  A ghoul (D)
  5 stone giants (D)
  A wolf spider (D)
  Nessos (D)
  An anaconda (D)
  2 deep elf death magi (D)
  An ogre mage (D)
  6 yaktaur captains (D)
  A death knight (D)
  5 centaur warriors (D)
  A death yak (D)
  Sonja (D)
  3 shock serpents (shapeshifter) (D)
  2 sea snakes (D)
  A mana viper (shapeshifter) (D)
  2 harpies (D)
  A shining eye (shapeshifter) (D)
  A salamander (shapeshifter) (D)
  A cyclops (shapeshifter) (D)
  5 cyclopes (D)
  3 black mambas (D)
  A moth of wrath (shapeshifter) (D)
  3 rust devils (D)
  An eye of devastation (shapeshifter) (D)
  A guardian serpent (shapeshifter) (D)
  15 smoke demons (D)
  A komodo dragon (shapeshifter) (D)
  A komodo dragon (D)
  11 tormentors (D)
  7 yaktaurs (D)
  A polar bear (shapeshifter) (D)
  A merfolk (shapeshifter) (D)
  A queen bee (shapeshifter) (D)
  8 polar bears (D)
  4 bog bodies (D)
  A blink frog (D)
  A slime creature (shapeshifter) (D)
  A dream sheep (shapeshifter) (D)
  10 redbacks (D)
  10 hungry ghosts (D)
  A water moccasin (D)
  A black bear (D)
  An eye of draining (D)
  2 phantoms (D)
  8 dwarves (D)
  8 necrophages (D)
  9 centaurs (D)
  A bullfrog (D)
  Blork the orc (D)
  2 big kobolds (D)
  7 earth elementals (D)
  A scorpion (D)
  A jelly (D)
  6 orc priests (D)
  5 orcs (D)
  A bat skeleton (D)
  3 kobolds (D)
  3 crawling corpses (D)
197 creatures vanquished.

Vanquished Creatures (others)
  A centaur warrior (D)
1 creature vanquished.

Grand Total: 198 creatures vanquished

Notes
Turn   | Place    | Note
-------+----------+-------------------------------------------
     0 | D        | Baz the Hill Orc Fighter began the quest for the Orb.
     0 | D        | Reached XP level 1. HP: 19/19 MP: 1/1
     1 | D        | Found an ancient bone altar of Kikubaaqudgha.
     1 | D        | Found a glowing golden altar of the Shining One.
     2 | D        | Found a shimmering blue altar of Sif Muna.
     2 | D        | Found a bloodstained altar of Trog.
     3 | D        | Found a hide-covered altar of Uskayaw.
     3 | D        | Found a shadowy altar of Dithmenos.
     4 | D        | Found Hycic's Distillery.
     4 | D        | Found an iron altar of Okawaru.
     4 | D        | Found a glowing silver altar of Zin.
     4 | D        | Found Nostag's Do-It-Yourself Clinic.
     5 | D        | Found Ciga's Distillery.
     5 | D        | Found Xekhluemp's Bottled Wisdom.
     5 | D        | Round 1.
     7 | D        | Noticed a necrophage
     7 | D        | Found a basalt altar of Yredelemnul.
     8 | D        | Found a radiant altar of Vehumet.
     9 | D        | Found an ornate altar of the Wu Jian Council.
    10 | D        | Noticed a necrophage
    13 | D        | Killed a necrophage
    13 | D        | Reached skill level 5 in Armour
    13 | D        | Reached skill level 5 in Shields
    13 | D        | Reached XP level 2. HP: 22/31 MP: 2/2
    13 | D        | Reached XP level 3. HP: 27/38 MP: 3/3
    13 | D        | Reached XP level 4. HP: 32/45 MP: 4/4
    20 | D        | Found a corrupted altar of Lugonu.
    20 | D        | Found a blossoming altar of Fedhas.
    21 | D        | Found a sacrificial altar of Ru.
    21 | D        | Found Ytuodebb's Staff Store.
    21 | D        | Found Reggem's Magic Scroll Shop.
    22 | D        | Found Poid's Must-Have Magic.
    22 | D        | Found Uhufoughuff's Magic Scroll Shop.
    24 | D        | Noticed a necrophage
    25 | D        | Found a stormy altar of Qazlal.
    26 | D        | Found a viscous altar of Jiyva.
    27 | D        | Found Raovicem's Delicious Food.
    28 | D        | Found Teann's Jewellery.
    28 | D        | Found Wyarhuid's Advanced Armour.
    33 | D        | Became a worshipper of Qazlal Stormbringer
    38 | D        | Noticed a phantom
    43 | D        | Killed a necrophage
    43 | D        | Reached XP level 5. HP: 26/53 MP: 5/5
    44 | D        | Killed a necrophage
    44 | D        | Reached XP level 6. HP: 29/62 MP: 6/6
    45 | D        | Found a burning altar of Makhleb.
    45 | D        | Found a shimmering altar of Xom.
    45 | D        | Found a snail-covered altar of Cheibriados.
    45 | D        | Found Karuofini's Identification Station.
    49 | D        | Noticed a necrophage
    51 | D        | Found an opulent altar of Gozag.
    63 | D        | Killed a necrophage
    63 | D        | Reached * piety under Qazlal
    64 | D        | Found a roughly hewn altar of Beogh.
    72 | D        | Killed a phantom
    87 | D        | Bought a faintly glowing iron ring for 45 gold pieces
    87 | D        | Bought a clouded silver ring for 45 gold pieces
    87 | D        | Identified the ring "Boif" {*Contam +Blink rElec rPois rN+
                  | Str+4} (You bought it in a shop in the Dungeon)
    88 | D        | Identified the ring "Geiquroh" {rF++ rC++ Str+3} (You
                  | bought it in a shop in the Dungeon)
    96 | D        | Found Ishiong's Premium Goods.
    97 | D        | Found Teloe's Weapon Rack.
    97 | D        | Found Soiwim's Miscellaneous Merchandise.
    97 | D        | Found Bateemey's Basic Armour.
   107 | D        | Noticed a phantom
   112 | D        | Killed a phantom
   112 | D        | Arena points: 14 (+14) [x2]
   112 | D        | Reached skill level 10 in Fighting
   112 | D        | Reached skill level 2 in Invocations
   112 | D        | Reached XP level 7. HP: 32/72 MP: 6/9
   191 | D        | Round 2.
   191 | D        | Noticed Blork the orc
   200 | D        | Reached ** piety under Qazlal
   200 | D        | Reached skill level 3 in Invocations
   203 | D        | Reached *** piety under Qazlal
   205 | D        | Killed Blork the orc
   205 | D        | Arena points: 56 (+42) [x3]
   205 | D        | Reached skill level 4 in Invocations
   273 | D        | Round 3.
   308 | D        | Reached **** piety under Qazlal
   308 | D        | Reached skill level 5 in Invocations
   321 | D        | Reached skill level 10 in Axes
   340 | D        | Arena points: 140 (+84) [x4]
   340 | D        | Reached skill level 6 in Invocations
   383 | D        | Round 4.
   399 | D        | Reached skill level 7 in Invocations
   399 | D        | Reached XP level 8. HP: 70/81 MP: 11/13
   399 | D        | Noticed Sonja
   403 | D        | Reached ***** piety under Qazlal
   408 | D        | Killed Sonja
   408 | D        | Reached skill level 10 in Armour
   408 | D        | Reached skill level 10 in Shields
   408 | D        | Reached skill level 9 in Invocations
   419 | D        | Arena points: 280 (+140) [x5]
   432 | D        | Bought a crude shield for 332 gold pieces
   442 | D        | Identified the +6 shield of the Pink Corner {rF- MR+++ SInv
                  | Stlth+} (You bought it in a shop in the Dungeon)
   457 | D        | Round 5.
   489 | D        | Noticed a giant anaconda
   499 | D        | Killed a giant anaconda
   499 | D        | Arena points: 560 (+280) [x7]
   499 | D        | Reached skill level 11 in Invocations
   499 | D        | Reached XP level 9. HP: 58/90 MP: 4/17
   500 | D        | Got a serpentine rune of Zot
   501 | D        | Reached XP level 10. HP: 63/97 MP: 4/18
   685 | D        | Bought a pair of distressingly furry gloves for 332 gold
                  | pieces
   693 | D        | Identified the +1 pair of gloves "Qorphaewi" {Dex+4} (You
                  | bought it in a shop in the Dungeon)
   703 | D        | Round 6.
   729 | D        | Reached skill level 12 in Invocations
   749 | D        | Noticed a ghoul
   766 | D        | Killed a ghoul
   766 | D        | Reached skill level 13 in Invocations
   766 | D        | Reached XP level 11. HP: 33/106 MP: 3/21
   804 | D        | Arena points: 992 (+432) [x8]
   804 | D        | Reached skill level 14 in Invocations
   857 | D        | Bought 3 scrolls of identify for 150 gold pieces
   879 | D        | Round 7.
  1001 | D        | Reached ****** piety under Qazlal
  1009 | D        | Arena points: 1559 (+567) [x9]
  1009 | D        | Reached skill level 15 in Invocations
  1026 | D        | Bought a slimy helmet for 332 gold pieces
  1026 | D        | Identified the cursed -5 helmet of Responsibility {rN+}
                  | (You bought it in a shop in the Dungeon)
  1068 | D        | Round 8.
  1239 | D        | Arena points: 2279 (+720) [x10]
  1254 | D        | Bought a bloodstained cloak for 332 gold pieces
  1254 | D        | Bought a pair of ancient boots for 332 gold pieces
  1254 | D        | Identified the cursed -1 cloak "Atasu" {Dex+4 SInv} (You
                  | bought it in a shop in the Dungeon)
  1255 | D        | Identified the +1 pair of boots of the Unbroken {Stlth+}
                  | (You bought it in a shop in the Dungeon)
  1259 | D        | Round 9.
  1307 | D        | Reached skill level 16 in Invocations
  1361 | D        | Noticed a death yak
  1374 | D        | Killed a death yak
  1388 | D        | Arena points: 3368 (+1089) [x11]
  1398 | D        | Bought a warped cloak for 332 gold pieces
  1464 | D        | Round 10.
  1467 | D        | Noticed a dire wolf spider
  1516 | D        | Killed a dire wolf spider
  1516 | D        | Arena points: 4538 (+1170) [x13]
  1516 | D        | Reached skill level 17 in Invocations
  1517 | D        | Got a gossamer rune of Zot
  1518 | D        | Reached skill level 15 in Shields
  1518 | D        | Reached XP level 12. HP: 53/118 MP: 20/24
  1548 | D        | Bought 3 scrolls of identify for 150 gold pieces
  1549 | D        | Identified the +0 cloak of the Guild-Master {Dex+4} (You
                  | bought it in a shop in the Dungeon)
  1557 | D        | Bought a pair of shimmering boots for 332 gold pieces
  1557 | D        | Identified the +5 pair of boots of Sano {rF+ rN+ Int+4
                  | Slay-3} (You bought it in a shop in the Dungeon)
  1720 | D        | Round 11.
  1726 | D        | Reached skill level 15 in Axes
  1733 | D        | Reached XP level 13. HP: 114/125 MP: 25/25
  1827 | D        | Reached skill level 15 in Fighting
  1838 | D        | Reached skill level 18 in Invocations
  1840 | D        | Arena points: 6386 (+1848) [x14]
  1863 | D        | Bought a +0 broad axe for 120 gold pieces
  1890 | D        | Bought a scroll of brand weapon for 200 gold pieces
  1904 | D        | Round 12.
  1929 | D        | Arena points: 8186 (+1800) [x15]
  1946 | D        | Bought 8 scrolls of enchant weapon for 600 gold pieces
  1989 | D        | Round 13.
  1997 | D        | Noticed Nessos
  2001 | D        | Reached skill level 19 in Invocations
  2004 | D        | Killed Nessos
  2006 | D        | Arena points: 11098 (+2912) [x16]
  2038 | D        | Bought +0 gold dragon scales for 960 gold pieces
  2068 | D        | Round 14.
  2076 | D        | Noticed an iron dragon
  2093 | D        | Killed an iron dragon
  2093 | D        | Reached skill level 15 in Armour
  2093 | D        | Reached skill level 20 in Invocations
  2132 | D        | Arena points: 13954 (+2856) [x17]
  2147 | D        | Round 15.
  2151 | D        | Noticed Agnes
  2168 | D        | Killed Agnes
  2168 | D        | Arena points: 17089 (+3135) [x19]
  2168 | D        | Reached skill level 21 in Invocations
  2171 | D        | Got a mossy rune of Zot
  2213 | D        | Bought 3 potions of heal wounds for 105 gold pieces
  2216 | D        | Reached XP level 14. HP: 65/140 MP: 21/28
  2222 | D        | Bought 3 potions of haste for 210 gold pieces
  2223 | D        | Bought 6 potions of magic for 336 gold pieces
  2223 | D        | Bought 5 potions of berserk rage for 175 gold pieces
  2345 | D        | Round 16.
  2379 | D        | Bought 2 rations for 40 gold pieces
  2397 | D        | Reached XP level 15. HP: 78/147 MP: 8/29
  2440 | D        | Arena points: 20929 (+3840) [x20]
  2461 | D        | Bought 4 scrolls of enchant armour for 300 gold pieces
  2461 | D        | Bought 4 scrolls of enchant armour for 300 gold pieces
  2485 | D        | Bought a potion of experience for 300 gold pieces
  2491 | D        | Bought 6 potions of magic for 336 gold pieces
  2493 | D        | Reached XP level 16. HP: 79/155 MP: 20/30
  2517 | D        | Round 17.
  2543 | D        | Reached skill level 22 in Invocations
  2586 | D        | Reached skill level 23 in Invocations
  2605 | D        | Noticed a titan
  2606 | D        | Noticed a titan
  2612 | D        | Killed a titan
  2614 | D        | Killed a titan
  2661 | D        | Arena points: 26641 (+5712) [x21]
  2661 | D        | Reached skill level 24 in Invocations
  2677 | D        | Bought a distressingly furry large shield for 332 gold
                  | pieces
  2677 | D        | Bought a pair of dazzling gloves for 332 gold pieces
  2677 | D        | Identified the +1 pair of gloves of Surprise {Dex+4} (You
                  | bought it in a shop in the Dungeon)
  2679 | D        | Bought 3 scrolls of identify for 150 gold pieces
  2679 | D        | Identified the +2 large shield of Omick {rN+} (You bought
                  | it in a shop in the Dungeon)
  2714 | D        | Round 18.
  2742 | D        | Noticed Nikola
  2759 | D        | Killed Nikola
  2774 | D        | Arena points: 32185 (+5544) [x22]
  2789 | D        | Round 19.
  2845 | D        | Reached skill level 25 in Invocations
  2892 | D        | Arena points: 38303 (+6118) [x23]
  2901 | D        | Bought 2 potions of experience for 600 gold pieces
  2901 | D        | Bought a potion of experience for 300 gold pieces
  2905 | D        | Reached XP level 17. HP: 77/170 MP: 18/33
  2906 | D        | Reached XP level 18. HP: 81/178 MP: 18/34
  2907 | D        | Reached XP level 19. HP: 85/184 MP: 18/35
  2920 | D        | Bought a quad damage for 400 gold pieces
  2920 | D        | Round 20.
  2921 | D        | Noticed Mara
  2942 | D        | Noticed Baz's illusion
  2948 | D        | Arena points: 44303 (+6000) [x25]
  2951 | D        | Got a silver rune of Zot
  2954 | D        | Reached XP level 20. HP: 64/193 MP: 24/36
  3117 | D        | Round 21.
  3241 | D        | Reached skill level 26 in Invocations
  3251 | D        | Arena points: 53039 (+8736) [x26]
  3294 | D        | Bought 4 scrolls of enchant armour for 300 gold pieces
  3301 | D        | Bought a scroll of brand weapon for 200 gold pieces
  3317 | D        | Round 22.
  3331 | D        | Gained mutation: You tend to lose your temper in combat. [a
                  | shining eye]
  3332 | D        | Gained mutation: Your body sometimes deteriorates upon
                  | taking damage. [a shining eye]
  3488 | D        | Arena points: 62543 (+9504) [x27]
  3515 | D        | Round 23.
  3542 | D        | Noticed an ancient lich
  3547 | D        | Noticed a Tzitzimitl
  3547 | D        | Killed an ancient lich
  3547 | D        | Reached skill level 27 in Invocations
  3547 | D        | Reached XP level 21. HP: 146/203 MP: 15/38
  3554 | D        | Noticed an ancient lich
  3575 | D        | Killed from afar by an ancient lich

Levels and vault maps discovered:
D:        arena_sprint

Skill      XL: |  1  2  3  4  5  6  7  8  9 10 11 12 13 14 15 16 17 18 19 20 21 |
---------------+----------------------------------------------------------------+-----
Fighting       | 6 7 8 10 12 14 17 19 20 21 | 21.1
Axes           | 4 6 7 9 10 12 13 14 15 17 | 17.4
Armour         | 5 6 7 8 9 11 13 16 17 20 21 22 | 22.8
Shields        | 5 6 7 8 9 11 12 13 15 16 18 19 20 | 20.1
Invocations    | 2 7 11 13 17 21 25 27 | 27.0
Dodging        | 3 |  3.3
Evocations     | 6 11 12 | 12.0

Action                   |  1- 3 |  4- 6 |  7- 9 | 10-12 | 13-15 | 16-18 | 19-21 || total
-------------------------+-------+-------+-------+-------+-------+-------+-------++-------
Melee: War axe           |     4 |    32 |    55 |   208 |    28 |       |       ||   327
       Broad axe         |       |       |       |       |    74 |   125 |   139 ||   338
Invok: Upheaval          |       |       |     5 |     7 |    27 |     7 |    10 ||    56
       Disaster Area     |       |       |       |       |     1 |       |       ||     1
       Elemental Force   |       |       |       |       |       |       |     2 ||     2
Evoke: Wand              |       |       |       |     1 |       |       |       ||     1
  Use: Potion            |       |       |     1 |     1 |     5 |     3 |     2 ||    12
       Scroll            |       |       |       |     6 |    17 |     2 |     5 ||    30
 Stab: Confused          |       |       |       |     3 |       |       |       ||     3
       Distracted        |       |       |       |       |       |       |     2 ||     2
  Eat: Chunk             |       |       |       |     2 |     2 |     2 |       ||     6
       Ration            |       |       |       |       |     1 |       |     1 ||     2
Armor: Scale mail        |       |    10 |     5 |    46 |    12 |       |       ||    73
       Gold dragon scale |       |       |       |       |       |    18 |    27 ||    45
Dodge: Dodged            |     3 |    11 |     9 |    40 |     8 |    11 |    18 ||   100
       Deflected         |       |       |       |       |     2 |     5 |     3 ||    10
Block: Shield            |     1 |    17 |    38 |   258 |   108 |   156 |   120 ||   698
